Cogmind - Beta 17 @@@ ROGUE MODE // 2026.08.09 @ 18:39:26 Player: Blank Result: Destroyed by 58-LIY(j) with Overtuned Pulse Rifle Performance ------------- Evolutions (0) 0 Regions Visited (3) 600 Robots Destroyed (24) 120 Value Destroyed (624) 624 Prototype IDs (24) 480 Alien Tech Used (0) 0 Bonus (11) 11 TOTAL SCORE: 1835 Bonus ------- Registered with UFD 300 Met Optimus in HQ 500 Friendly Fire -789 Cogmind --------- Core Integrity 0/250 Matter 285/300 Energy 54/170 System Corruption 2% Temperature Hot (238) Movement Walking (110) Location -7/Scraptown Parts ------- > --- POWER (1) -------- Makeshift Power Source (fused) > --- PROPULSION (2) --- Multireflex Exoskeleton (fused) > --- UTILITY (2) ------ Large Storage Unit Self-contained Transmogrifier > --- WEAPON (2) ------- Mini Grenade Launcher > --- INVENTORY (15) --- Fission Core Flexi-carbon Leg Flight Unit Scrap Suit High-capacity Storage Unit IFF Parser Thermal Shield Improved Hardlight Generator Improved Shield Generator Improved System Shield A0-MCA's Component Scanner Improved Datajack CPS Tube (2) Peak State ------------ > --- POWER ------------ Hybrid Fission Core > --- PROPULSION ------- Multireflex Exoskeleton > --- UTILITY ---------- Large Storage Unit Self-contained Transmogrifier > --- WEAPON ----------- Disruptor Cannon Disruptor Cannon > --- INVENTORY -------- Fission Core Medium Storage Unit IFF Parser Thermal Shield Improved Hardlight Generator Improved System Shield A0-MCA's Component Scanner Mini Grenade Launcher Improved Datajack CPS Tube CPS Tube CPS Tube CPS Tube [Rating: 44] Favorites ----------- Power Angular Momentum Engine Engine Angular Momentum Engine Power Core Light Nuclear Core Propulsion Aluminum Leg Leg Aluminum Leg Utility Self-contained Transmogrifier Device Self-contained Transmogrifier Storage Large Storage Unit Processor Melee Analysis Suite Hackware Hacking Suite Protection Scrap Shield Weapon Subdweller Shrapnel Launcher Energy Gun Particle Gun Energy Cannon Disruptor Cannon Ballistic Gun Assault Rifle Ballistic Cannon Heavy Flak Cannon Launcher Subdweller Shrapnel Launcher Special Weapon Plasma Flamer Slashing Weapon Makeshift Axe Build | -11 -10 -10 -7 ------- Run | Yrd Mat Sub Scr Slots Evolved . | . . . . Power . | . . . . Propulsion . | . . . . Utility . | . . . . Weapon . | . . . . Parts Attached 22 | 7 1 6 8 Power 3 | 1 . 1 1 Engine 2 | 1 . . 1 Core 1 | . . 1 . Reactor . | . . . . Propulsion 4 | 2 . 2 . Treads . | . . . . Leg 4 | 2 . 2 . Wheel . | . . . . Hover . | . . . . Flight . | . . . . Utility 9 | 2 . 1 6 Device 4 | 1 . . 3 Storage 3 | 1 . . 2 Processor . | . . . . Hackware 1 | . . . 1 Protection 1 | . . 1 . Artifact . | . . . . Weapon 6 | 2 1 2 1 Energy Gun 1 | . 1 . . Energy Cannon . | . . . . Ballistic Gun 2 | 2 . . . Ballistic Cannon . | . . . . Launcher 2 | . . 1 1 Special Weapon . | . . . . Impact Weapon . | . . . . Slashing Weapon 1 | . . 1 . Piercing Weapon . | . . . . Special Melee Weapon . | . . . . Unidentified Prototypes 1 | . . . 1 Parts Lost 5 | . . 3 2 Power 1 | . . 1 . Propulsion 2 | . . 2 . Utility . | . . . . Weapon 2 | . . . 2 Highest Loss Streak 2 | . . 2 2 To Critical Strikes . | . . . . Average Backups 5 | 4 7 3 6 Power . | . 1 . . Propulsion . | 2 3 . . Utility 2 | . 1 . 3 Weapon . | . 1 1 . Tool/Special . | . . . . Unused Backups 31 | . 3 7 21 Power 3 | . . 2 1 Propulsion 7 | . 3 1 3 Utility 12 | . . 2 10 Weapon 3 | . . 2 1 Tool/Special 6 | . . . 6 Average Slot Usage (%) 92 | . 100 85 94 Engine 8 | . 14 4 10 Core 5 | . . 9 3 Leg 25 | . 28 27 24 Device 9 | . 14 . 13 Storage 4 | . 14 . 5 Hackware 1 | . . . 1 Protection 6 | . . 13 4 Energy Gun 3 | . 9 10 . Energy Cannon 4 | . . . 6 Ballistic Gun 2 | . 19 3 . Ballistic Cannon 8 | . . . 13 Launcher 4 | . . 10 2 Special Weapon 2 | . . . 3 Slashing Weapon 2 | . . 3 1 Peak Build Rating 44 | 7 9 19 44 Average Rating 26 | 5 8 13 33 On Entrance 8 | . 7 9 19 Avg Prop Armor Cover (%) . | . . . . Naked Turns . | . . . . Heaviest Build 48 | 15 16 34 48 Greatest Support 36 | 20 20 20 36 Greatest Overweight (x) 2 | 2 . 2 1 Average Overweight (x) . | . . . . Largest Inventory Capacity 15 | 8 8 8 15 Average Capacity 7 | 7 8 5 9 Most Carried 15 | 6 8 8 15 Average Carried 6 | 4 7 4 7 Final Capacity 15 | 8 8 5 15 Final Carried 14 | 6 8 5 14 Transmogrified Parts 42 | . . . 42 Integrity Recovered 269 | . . . 269 Class Distribution -------------------- 100% | Mutant Dominant Class ---------------- Mutant | -10/Materials Mutant | -10/Subcaves Mutant | -7/Scraptown Resources | -11 -10 -10 -7 ----------- Run | Yrd Mat Sub Scr Matter Collected 1082 | 306 82 419 275 Remotely . | . . . . Salvage Created 814 | 129 172 375 138 Parts 46 | 4 14 18 10 Haulers Intercepted 1 | . 1 . . Recyclers Shooed 1 | 1 . . . Parts Field Recycled . | . . . . Retrieved Matter . | . . . . Parts Self-Destructed 16 | . . 16 . Prevented . | . . . . Parts Restored . | . . . . Kills | -11 -10 -10 -7 ------- Run | Yrd Mat Sub Scr Combat Hostiles Destroyed 17 | . 5 10 2 Guns 7 | . 5 2 . AOE 10 | . . 8 2 Classes Destroyed 9 | 2 3 3 1 Tunneler 1 | 1 . . . Hauler 1 | . 1 . . Recycler 1 | 1 . . . Turret 1 | . . 1 . Swarmer 4 | . 3 1 . Grunt 2 | . 2 . . Subdweller 9 | . . 9 . Scrapper 2 | . . . 2 Thug 2 | . . 2 . Guerrilla 1 | . . 1 . Best Kill Streak 5 | 2 5 4 2 Combat Bots Only 5 | . 5 4 2 Max Kills in Single Turn 2 | 1 1 2 2 Gunslinging . | . . . . Exploded 2 | . . 2 2 Melee . | . . . . Uniques/NPCs Destroyed . | . . . . Combat | -11 -10 -10 -7 -------- Run | Yrd Mat Sub Scr Hostile Shots Fired 107 | . 36 28 43 Missed 32 | . 9 12 11 Hits 75 | . 27 16 32 Projectile 75 | . 27 16 32 Critical Strikes 3 | . . 1 2 Damage Taken 1317 | . 260 603 454 Core 267 | . 50 80 137 Absorbed by Shields . | . . . . Core Remaining (%) 100 | 100 . . . Volleys Fired 54 | 6 17 28 3 Largest 2 | 2 2 2 2 Hottest 162 | 40 85 85 162 Shots Fired 86 | 12 34 35 5 Gun 57 | 12 34 11 . Cannon 4 | . . . 4 Launcher 25 | . . 24 1 Special . | . . . . Kinetic 70 | 12 29 29 . Thermal 11 | . 5 6 . Explosive 1 | . . . 1 Electromagnetic 4 | . . . 4 Robot Hit Streak 13 | 5 13 6 2 Robot Miss Streak 3 | 2 3 1 3 Penetration Max . | . . . . Secondary Targets . | . . . . Shots Hit Robots 47 | 7 22 16 2 Core Hits 41 | 3 9 26 3 Critical Kills . | . . . . Critical Parts Destroyed 2 | . 2 . . Critical Strikes 3 | . 2 1 . Burn 1 | . . 1 . Destroy 2 | . 2 . . Melee Attacks 1 | . . 1 . Impact . | . . . . Slashing 1 | . . 1 . Piercing . | . . . . Sneak Attacks . | . . . . Combat Hostiles . | . . . . Follow-up Attacks . | . . . . Damage Inflicted 2237 | 100 267 1682 188 Guns 479 | 100 267 112 . Cannons 14 | . . . 14 Explosions 1744 | . . 1570 174 Melee . | . . . . Ramming . | . . . . Kinetic 1944 | 100 237 1607 . Thermal 105 | . 30 75 . Explosive 174 | . . . 174 Electromagnetic 14 | . . . 14 Impact . | . . . . Slashing . | . . . . Piercing . | . . . . Highest Corruption 10 | . . 10 2 Average Corruption 9 | . . 10 1 Corruption Purged . | . . . . Corruption Blocked . | . . . . Effects 45 | . . 44 1 Message Errors 14 | . . 14 . Matter Fused 9 | . . 9 . Heat Flow Errors 4 | . . 4 . Energy Discharges 6 | . . 6 . Data Loss (minor) 6 | . . 5 1 Data Loss (major) 1 | . . 1 . Misfires 3 | . . 3 . Alerts 1 | . . 1 . Weapon Failures 1 | . . 1 . Overload Shots . | . . . . Overflow Damage 83 | . . 83 . Projectiles . | . . . . Explosions 83 | . . 83 . Melee . | . . . . Knockbacks . | . . . . Impact . | . . . . Kinetic . | . . . . Secondary . | . . . . Self-Inflicted Damage 139 | . . 139 . Shots 4 | . . 4 . Rammed . | . . . . Targets Rammed . | . . . . Kicked . | . . . . Crushed . | . . . . Highest Temperature 252 | . 72 252 226 Average Temperature 74 | . 27 109 99 Received Heat Transfer 400 | . 57 102 241 Siege Activations . | . . . . Martial Activations . | . . . . Shielding Activations . | . . . . Robots Disrupted . | . . . . Combat Hostiles . | . . . . Robots Corrupted . | . . . . Combat Hostiles . | . . . . Parts Fried . | . . . . Impact Corruptions . | . . . . Robots Melted . | . . . . Combat Hostiles . | . . . . Parts Melted . | . . . . Heat Transferred 333 | . 74 259 . Parts Sabotaged . | . . . . Parts Stolen . | . . . . Parts Stripped . | . . . . Power Chain Reactions . | . . . . Alert | -11 -10 -10 -7 ------- Run | Yrd Mat Sub Scr Maximum Alert Level . | . . . . Low Security (%) 100 | 100 100 . . Level 1 . | . . . . Level 2 . | . . . . Level 3 . | . . . . Level 4 . | . . . . Level 5 . | . . . . High Security . | . . . . Max Security . | . . . . Peak Influence 110 | 5 110 . . Initial . | . . . . Average 28 | . 36 . . Influence Increases 213 | 10 133 70 . Destroy 0b10 Robot/C 140 | . 100 40 . Destroy 0b10 Robot/NC 15 | 10 5 . . Destroy Leader 22 | . 22 . . Successful Hack 6 | . 6 . . Lose Combat Pursuer 30 | . . 30 . Influence Decreases 213 | 10 133 70 . Time Decay 213 | 10 133 70 . Squads Dispatched . | . . . . Investigation . | . . . . Extermination . | . . . . Reinforcement . | . . . . Assault . | . . . . Garrison . | . . . . Intercept . | . . . . Searches Triggered . | . . . . Construction Impeded . | . . . . Haulers Reinforced . | . . . . Active Scanning Responses . | . . . . Cargo Convoy Interrupts . | . . . . Stealth | -11 -10 -10 -7 --------- Run | Yrd Mat Sub Scr Distress Signals . | . . . . Communications Jammed . | . . . . Distress Signals . | . . . . Times Spotted 40 | . 5 24 11 Peak Tracking Total 8 | . 5 8 8 Tactical Retreats 1 | . . 1 . Traps | -11 -10 -10 -7 ------- Run | Yrd Mat Sub Scr Traps Triggered . | . . . . Indirectly . | . . . . Trap Hack Attempts . | . . . . Triggered . | . . . . Disarmed . | . . . . Reprogrammed . | . . . . Reused . | . . . . Traps Extracted . | . . . . Installed . | . . . . Triggered . | . . . . Machines | -11 -10 -10 -7 ---------- Run | Yrd Mat Sub Scr Machines Disabled 4 | . . 4 . Max in Single Turn 3 | . . 3 . Machines Repaired . | . . . . Machines Dismantled . | . . . . Machines Sabotaged . | . . . . Overloaded Fab Kills . | . . . . Hacking | -11 -10 -10 -7 --------- Run | Yrd Mat Sub Scr Machines Accessed 14 | . 1 1 12 Terminals 1 | . 1 . . Fabricators . | . . . . Repair Stations . | . . . . Recycling Units . | . . . . Scanalyzers . | . . . . Garrison Access . | . . . . Total Hacks 77 | . 1 9 67 Successful 77 | . 1 9 67 Failed . | . . . . Catastrophic . | . . . . Database Lockouts . | . . . . Manual 3 | . 3 . . Terminals 1 | . 1 . . Fabricators . | . . . . Repair Stations . | . . . . Recycling Units . | . . . . Scanalyzers . | . . . . Garrison Access . | . . . . Terminal Hacks 77 | . 1 9 67 Record 73 | . . 8 65 Open Door 1 | . . . 1 Zone Layout 1 | . 1 . . Proto ID Catalog 2 | . . 1 1 Fabricator Hacks . | . . . . Repair Station Hacks . | . . . . Recycling Unit Hacks . | . . . . Scanalyzer . | . . . . Garrison Access Hacks . | . . . . Unauthorized Hacks . | . . . . Terminals . | . . . . Fabricators . | . . . . Repair Stations . | . . . . Recycling Units . | . . . . Scanalyzers . | . . . . Garrison Access . | . . . . Data Cores Recovered . | . . . . Used . | . . . . Hacking Detections 1 | . 1 . . Full Trace Events . | . . . . Feedback Events . | . . . . Feedback Blocked . | . . . . Robot Schematics Acquired . | . . . . Robots Built . | . . . . Authchips . | . . . . Time . | . . . . Total Robot Build Rating . | . . . . Part Schematics Acquired . | . . . . Parts Built . | . . . . Authchips . | . . . . Time . | . . . . Total Part Build Rating . | . . . . Part Studies Acquired . | . . . . Parts Repaired . | . . . . Time . | . . . . Parts Recycled . | . . . . Recycled Matter . | . . . . Retrieved Matter . | . . . . Retrieved Components . | . . . . Parts Scanalyzed . | . . . . Part Schematics Acquired . | . . . . Parts Damaged . | . . . . Bothacking | -11 -10 -10 -7 ------------ Run | Yrd Mat Sub Scr Used RIF Installer . | . . . . Robots Hacked . | . . . . Non-combat . | . . . . Combat . | . . . . Robot Hacks Applied . | . . . . Relay Couplers Released . | . . . . Fabnet Peak Effective % . | . . . . Robots Rewired . | . . . . Allies Hacked . | . . . . Hacks Repelled . | . . . . Allies | -11 -10 -10 -7 -------- Run | Yrd Mat Sub Scr Total Allies . | . . . . Largest Group . | . . . . Highest-Rated Group . | . . . . Highest-Rated Ally . | . . . . Total Orders . | . . . . Ally Attacks . | . . . . Total Damage . | . . . . Kills . | . . . . Allies Corrupted . | . . . . Allies Melted . | . . . . Intel | -11 -10 -10 -7 ------- Run | Yrd Mat Sub Scr Active Infowar (turns) 519 | 11 413 95 . Seismic 519 | 11 413 95 . Robot Analysis Total . | . . . . Derelict Logs Recovered 1 | . . . 1 Drone Launches . | . . . . Drone Recoveries . | . . . . Exploration | -11 -10 -10 -7 ------------- Run | Yrd Mat Sub Scr Turns Passed 6831 | 118 413 1898 4402 Spaces Moved 3459 | 71 151 972 2265 Core 14 | 14 . . . Treads . | . . . . Legs 3445 | 57 151 972 2265 Wheels . | . . . . Hover . | . . . . Flight . | . . . . Fastest Speed 50 | 50 120 120 110 Average Speed 175 | 115 120 185 177 Slowest Speed 260 | 150 120 260 195 Overloaded Moves . | . . . . Propulsion Burnouts . | . . . . Robots Hopped . | . . . . Potential Cave-ins 5 | . . 5 . Cave-ins Triggered 1 | . . 1 . Exploration Rate (%) 40 | 5 18 42 97 Regions Visited 3 Branch Regions 2 Pre-discovered Areas 3 | . . . 3 Known Exits Taken . | . . . . Unknown Exits Taken 3 | 1 1 1 . Scrap Searched 5 | . . 1 4 Spaces Dug . | . . . . Terrain Destroyed 338 | . . 329 9 Melee . | . . . . Projectile . | . . . . AOE 338 | . . 329 9 Terrain Rammed . | . . . . Walls Destroyed . | . . . . Machines Disabled . | . . . . Actions | -11 -10 -10 -7 --------- Run | Yrd Mat Sub Scr Total 4125 | 91 350 1038 2646 Wait 510 | 2 174 4 330 Move 3455 | 70 150 970 2265 Hop . | . . . . Pick Up 43 | 6 5 8 24 Fast Attach 10 | 7 . . 3 Attach 6 | . . 4 2 Detach 2 | . . 1 1 Swap 6 | . 1 2 3 Drop 25 | . 3 9 13 Fire 54 | 6 17 28 3 Melee 1 | . . 1 . Ram . | . . . . Kick . | . . . . Crush . | . . . . Escape Stasis 1 | . . 1 . Rewire 2 | . . . 2 Trap . | . . . . Miscellaneous 10 | . . 10 . Route ------- -11/Scrapyard -10/Materials -10/Subcaves (discovered 2 exits: [*Rec] / *Scr) -7/Scraptown (discovered 2 exits: [*Fac x2]) History --------- Turn | Location | Event 23 | -11/Scrapyard | Discovered new exit (range 14) 119 | -11/Scrapyard | Entered Materials 302 | -10/Materials | Build established: Mutant 467 | -10/Materials | Discovered new exit (range 4) 532 | -10/Materials | Entered Subcaves 533 | -10/Subcaves | Approached by a straggling Scientist 792 | -10/Subcaves | Shifting Twisted Machinery released Sub. Shrapnel Launcher 1021 | -10/Subcaves | Ambushed by swarm of Subdwellers 1119 | -10/Subcaves | Crushed by falling debris 1120 | -10/Subcaves | Core integrity fell below 50% 1120 | -10/Subcaves | System corruption reached 10% 1224 | -10/Subcaves | Ambushed by Subdweller buried in earth 1227 | -10/Subcaves | Ambushed by Subdweller buried in earth 1233 | -10/Subcaves | Ambushed by Subdweller buried in earth 1547 | -10/Subcaves | Discovered new exit (range 13) 1781 | -10/Subcaves | Scientist uncovered a shortcut to Scraptown 1879 | -10/Subcaves | Visited 4L-MR0's lab 1893 | -10/Subcaves | Found Prototype Device 1907 | -10/Subcaves | Found Flightbrick 2268 | -10/Subcaves | Shifting Twisted Machinery released Battle Rifle 2430 | -10/Subcaves | Entered Scraptown 2430 | -7/Scraptown | System corruption cleaned by C-Scrubber 2900 | -7/Scraptown | Identified Sfc. Transmogrifier 3149 | -7/Scraptown | Visited Comm Corps 3282 | -7/Scraptown | Visited Symbiants 3333 | -7/Scraptown | Visited Spacefarers 3532 | -7/Scraptown | Visited UFD Registry 3555 | -7/Scraptown | Visited Cyclists 3683 | -7/Scraptown | Visited Fellowship of the Rings 4319 | -7/Scraptown | Discovered new exit (range 5) 4485 | -7/Scraptown | Scanned Subdweller tech in exchange for log data 4491 | -7/Scraptown | Learned location of 1 exit from Factory 4548 | -7/Scraptown | Visited Assassins FH 4628 | -7/Scraptown | Visited IN-MT5's Study 4727 | -7/Scraptown | Registered with UFD as "Beamdome" 4808 | -7/Scraptown | Entered Cyclist Reading Room 4812 | -7/Scraptown | Learned location of Zion (-6) 4875 | -7/Scraptown | Visited Science Guys 4931 | -7/Scraptown | Visited A0-MCA Data Center 4938 | -7/Scraptown | Given a B+ rating by A0-MCA 4944 | -7/Scraptown | Found A0-MCA's Component Scanner 5004 | -7/Scraptown | Visited Research Penetration Think Tank 5052 | -7/Scraptown | Delivered Scrap Shield to a Scientist 5857 | -7/Scraptown | Visited Curators Association 6055 | -7/Scraptown | Visited Junk Repository 6149 | -7/Scraptown | Visited Sword Containment 6209 | -7/Scraptown | Visited Abandonware Association 6245 | -7/Scraptown | Learned abandonware demo "SHUTEYE.EXE" 6289 | -7/Scraptown | Visited Scrap Suit Storage 6301 | -7/Scraptown | Found Scrap Suit 6343 | -7/Scraptown | Visited Junk Repository 6414 | -7/Scraptown | Visited DA-N13 Charitable Foundation 6437 | -7/Scraptown | Found DCF Scrap (28 items) 6516 | -7/Scraptown | Met Optimus 6516 | -7/Scraptown | Accepted into 0bPrime 6700 | -7/Scraptown | Discovered new exit (range 5) 6749 | -7/Scraptown | Civil war broke out across Scraptown 6830 | -7/Scraptown | Core integrity fell below 20% 6832 | -7/Scraptown | Destroyed by 58-LIY(j) with Overtuned Pulse Rifle Last Messages --------------- 06819_ Slug penetrates VX-011(p). 06821_ System corrupted: Component data lost. 06822_ Slug penetrates XF-R92(j). 06822_ Bolt penetrates Optimus. 06822_ Bolt penetrates Machine. Optimus: You really should get out of here Beamdome. Scraptown is unimportant, the mission is important. Take the northeast exit, it's probably the safer route. Exit location confirmed. 06824_ Critical hit (Burn: +50). 06825_ Bolt penetrates Optimus. 06825_ XF-R92(j) destroyed. 06827_ VX-011(p) destroyed. 06827_ Slug penetrates Wall. 06828_ Lrn. Proton Cannon destroyed. 06829_ VK-B24(j) destroyed. 06829_ Penetrated by Slug. 06830_ MZ-VJY(j) cannibalizes Ovr. Titanium Leg to repair Ovr. Titanium Leg. 06830_ Disruptor Cannon destroyed. Map ----- +----------------------------------------------------+ | ?????????????????????????????????????????????????? | | ?????????????????????????????????????????????????? | | ?????????????????????????????????????????????????? | | ?????????????????????????????????????????????????? | | ?????????????????????????????????????????????????? | | ?????????????????????????????????????????????????? | | ?????????????????????????????????????????????????? | | ?????????????????????????????????????????????????? | | ????????????????????????????????#####????????????? | | ???????????????????????###??????#"""#????????????? | | ?###?###############???#;##?????#" %###??????????? | | ?"""?#"""##""|##"""#??## ##?####=<%![=??????????? | | ?"" ##""!##"" ##!!"#### ##"""" %%!#???????????? | | #"" *!=*=!=[%[%[#???????????? | | # ==!!==%== *!!#???????????? | | ###################### !%[j##"""""####???????????? | | ??????????????????????# j%=#?????????????????????? | | ??###########?????????? =! #?????????????????????? | | ??# #?????????? %[[######????????????????? | | ??# ########### !% "! "????????????????? | | ??# / ##"""""""""#==#" "#????????????????? | | ??# ## " " " # ## X####?????????????? | | ??# ## # #" "#?????????????? | | #?# ## "# #" # #"!| !"#?????????????? | | #?##### ###### "#X#" #! #" | !"#?????????????? | | #??###X ####?# "###" #=@#"! !"#?????????????? | | #??# #?# """"" #*=#" "#?????????????? | | #??# #?# #%!## ##?????????????? | | #??# #?# #[!# #?????????????? | | #??### #####?##### #####!=## #######?????????????? | | ###### ########### ####;=%## #########???????????? | | """""" """"""""""" """""E%"" "## | #???????????? | | %=%= "## * #???????????? | | !=* "## ####???????????? | | %= "## !#???????????? | | "## [!#???????????? | | 3 ! =#???????????? | | """"""""""""""""""""""" "## ####???????????? | | """"""""""""""""""""""" "## ![#???????????? | | #### ################" ![ "## !!!#???????????? | | ##????????#" =%% "#########??????????? | | X"#????????#"" "## = #??????????? | | "" "" ##????????#"" "## % #??????????? | | "" "" X"#??????###"" "## = #??????????? | | " " ######### #"" "##*!*=###??????????? | | "" **=!=###??????????? | | "" "##!/ [!=#??????????? | | " " ######### #"" "##[!]!*=#??????????? | | "" "" ""#??????###"" "##=]]*=*#??????????? | | "" "" ##????????#"" "#########??????????? | +----------------------------------------------------+ Best States ------------- Heat Dissipation 47 Energy Generation 18 Energy Capacity 900 Matter Stores 300 Matter Capacity 300 Sight Range 16 Terrain Scan Density 10 Armor Coverage 800 Resistance: KI 20 Evasion (%) 55 Melee Accuracy 5 Recoil Reduction 4 Offensive Hacking 10 Item Schematics ----------------- None Robot Schematics ------------------ None Fabricated ------------ Nothing Repaired ---------- Nothing Studied --------- None Alien Tech Used ----------------- None Achievements -------------- Bob, First Of His Name Civilization 2243 Do Not Disturb Link The Feds Mistaken Identity My Bad Nice Directions, Buddy Survival Of The Most Covered Challenges ------------ None Game ------ Seed CompositeSurveybotWall Manual? 0 Play Time 01:01:47 Cumulative 15.0 hours Start 2026.08.09 @ 17:28:08 End 2026.08.09 @ 18:39:26 Sessions 1 Manual Loads 0 Difficulty Rogue Special Mode None Game No. 18 Rogue 18 Adventurer 0 Explorer 0 Win Type - Total 0 Types 0/0/0/0/0/0/0/0/0/0 Lore% 22 Gallery% 22 Achievement% 18 Wizard Run 0 Options --------- Layout 1 ASCII 0 Keyboard 1 Movement Numpad Keybinds 0 Fullscreen 1 Font 32/Terminus Map View 77x35 Zoom Use 0% Tactical HUD 1 Map Filters NONE Filters NONE Steam 1 RUN: e3e1916e-427a-47a3-8856-ff3d63adbf61